 Dungeon Crawl Stone Soup version 0.28.0 (webtiles) character file.

Game seed: 14482240503592285597

3393 Gabide the Thaumaturge (level 9, -3/66 HPs)
             Began as a Mummy Necromancer on Feb 8, 2022.
             Was an Initiate of Ashenzari.
             Slain by an orc warrior (24 damage)
             ... on level 7 of the Dungeon.
             The game lasted 00:35:47 (8693 turns).

Gabide the Thaumaturge (Mummy Necromancer)          Turns: 8693, Time: 00:35:47

Health: -3/66      AC:  5    Str: 12    XL:     9   Next: 75%
Magic:  2/23       EV: 16    Int: 18    God:    Ashenzari [......]
Gold:   394        SH:  6    Dex: 12    Spells: 11/28 levels left

rFire   x . .      SeeInvis +   d - staff of death
rCold   + . .      Faith    .   j - +2 buckler
rNeg    + + +      Spirit   .   a - +0 robe
rPois   ∞          Reflect  .   (no helmet)
rElec   .          Harm     .   (no cloak)
rCorr   .          Rampage  .   (no gloves)
Will    +....                   i - +2 pair of boots
Stlth   ++........              (no amulet)
HPRegen 0.21/turn               f - ring of the Cryptic Ennui {EV+4, Self, Elem} (curse)
MPRegen 0.18/turn               b - ring of see invisible

@: about to teleport, studying Staves
A: cold resistance 1, negative energy resistance 3, torment resistance 2, heat
vulnerability 1, no potions
a: Renounce Religion, Curse Item, Shatter the Chains


You were on level 7 of the Dungeon.
You worshipped Ashenzari.
Ashenzari was noncommittal.
You visited 2 branches of the dungeon, and saw 8 of its levels.

You collected 394 gold pieces.

Inventory:

Hand Weapons
 c - a +0 whip of pain
 k - the +12 morningstar "Wuibb" {vamp, rPois rCorr Str-5 Stlth+}
   (You found it on level 5 of the Dungeon)

   It occasionally heals its wielder for a portion of the damage dealt when it
   wounds a living foe.
   Str:       It affects your strength (-5).
   rPois:     It protects you from poison.
   rCorr:     It protects you from acid and corrosion.
   Stlth:     It makes you more stealthy.
Armour
 a - a +0 robe (worn)
 i - a +2 pair of boots (worn)
 j - a +2 buckler (worn)
Magical Staves
 d - a staff of death (weapon)
Jewellery
 b - a ring of see invisible (right hand)
 f - the cursed ring of the Cryptic Ennui (left hand) {EV+4, Self, Elem}
   (You found it on level 1 of the Dungeon)

   [ring of evasion]

   EV:        It affects your evasion (+4).
   It has a curse which improves the following skills: Introspection: Fighting
   and Spellcasting.
   Elements:  Fire Magic, Ice Magic, Air Magic and Earth Magic.
Wands
 e - a wand of charming (6)
 g - a wand of flame (55)
 m - a wand of paralysis (6)
Scrolls
 h - 3 scrolls of fog
 l - a scroll of identify
 o - a scroll of amnesia
 p - 3 scrolls of magic mapping


   Skills:
 * Level 4.3(4.7) Fighting
 * Level 3.5 Staves
 * Level 3.9 Dodging
 + Level 1.8 Stealth
 * Level 1.8 Shields
 + Level 9.7(10.2) Spellcasting
 * Level 9.5 Necromancy


You had 11 spell levels left.
You knew the following spells:

 Your Spells              Type           Power      Damage    Failure   Level
a - Pain                  Necr           100%       1d9       1%          1
b - Vampiric Draining     Necr           60%        2d10      1%          3
c - Dispel Undead         Necr           60%        3d21      1%          4
d - Animate Dead          Necr           30%        N/A       1%          4
e - Agony                 Necr           60%        N/A       5%          5

Your spell library contained the following spells:

 Spells                   Type           Power      Damage    Failure   Level
 Animate Skeleton         Necr           100%       N/A       1%          1
 Corpse Rot               Necr/Air       78%        N/A       2%          2
 Anguish                  Hex/Necr       19%        N/A       14%         4
 Poisonous Vapours        Pois/Air       18%        N/A       16%         2
 Tukima's Dance           Hex            9%         N/A       30%         3
 Death Channel            Necr           30%        N/A       30%         6
 Borgnjor's Vile Clutch   Necr/Erth      19%        N/A       36%         5
 Iskenderun's Battlesphe  Conj           9%         2d6       96%         5
 Iron Shot                Conj/Erth      4%         9d2       100%        6
 Enfeeble                 Hex            4%         N/A       100%        7
 Spellforged Servitor     Conj/Summ      4%         N/A       100%        7


Dungeon Overview and Level Annotations

Branches:
Dungeon (7/15)             Temple (1/1) D:5

Altars:
Ashenzari
Dithmenos
Elyvilon
Fedhas
Hepliaklqana
Kikubaaqudgha
Makhleb
Nemelex Xobeh
Okawaru
Qazlal
Ru
Sif Muna
Trog
Uskayaw
Wu Jian
Xom
Yredelemnul
Zin
The Shining One

Annotations:
D:5 2 transporters, Akaron's ghost, novice OpCj


Innate Abilities, Weirdness & Mutations

You are immune to poison.
Your flesh is cold resistant. (rC+)
You are immune to negative energy. (rN+++)
You are immune to unholy pain and torment.
You are vulnerable to heat. (rF-)
You do not drink.


Message History

The ufetubus is severely wounded.
The ufetubus hits you. The ufetubus misses you.
You hit the ufetubus.
You kill the ufetubus!
An orc warrior comes into view. It is wielding a +0 dire flail.
The orc warrior shouts!
The orc warrior hits you with a +0 dire flail.
You are too injured to fight recklessly!
You are too injured to fight recklessly!
You are too injured to fight recklessly!
You are too injured to fight recklessly!
Casting: Pain (safe; 1% risk of failure)
Confirm with . or Enter, or press ? or * to list all spells.
Aiming: Vampiric Draining (safe; 1% risk of failure)
Press: ? - help, Shift-Dir - straight line, f - orc warrior
Aim: an orc warrior, wielding a +0 dire flail and wearing a +0 chain mail You feel a surge of power!
You draw life force from the orc warrior!
You feel life coursing into your body.
The orc warrior hits you with a +0 dire flail.
You feel a surge of power!
The orc warrior writhes in agony.
The orc warrior hits you with a +0 dire flail!
You are too injured to fight recklessly!
Aiming: Pain (safe; 1% risk of failure)
Press: ? - help, Q - select action, (/) - cycle Shift-Dir - straight line, f/p - orc warrior
Aim: an orc warrior, wielding a +0 dire flail and wearing a +0 chain mail (heavily wounded, chance to affect: 83%)
You feel a surge of power!
The orc warrior writhes in agony.
The orc warrior misses you.
Okay, then.
Found 10 gold pieces.
Found a stone staircase leading up.
An iguana comes into view.
The iguana hisses angrily.
An orc comes into view. It is wielding a +0 whip.
As you read the scroll of teleportation, it crumbles to dust.
You feel strangely unstable.
The orc shouts!
You hear two shouts!
The iguana bites you.
The orc warrior hits you with a +0 dire flail!!
You die...

..)....#
#.#.##
..####.#
#.#..# ..#
.# #..#.#
### .
##.#.## # .#
#....# # #
##.#.# .#
#...##### ##
#..o....##..
#...@<...o..
#....l..##..
#$......#
#.........
######...#.#
..#...
......
......


You could see an orc warrior, an iguana and an orc.

Vanquished Creatures
  A shadow (D:7)
  A yak (D:6)
  Eustachio (D:4)
  Menkaure (D:5)
  Edmund (D:5)
  3 water moccasins
  2 sky beasts
  3 ice beasts
  2 black bears (D:6)
  A hornet zombie (D:6)
  2 ogres (D:6)
  A centaur (D:7)
  A gnoll sergeant (D:5)
  A water moccasin zombie (D:6)
  3 scorpions
  A bullfrog zombie (D:6)
  3 centaur zombies
  4 jellies
  2 centaur skeletons (D:6)
  3 hounds
  A gnoll shaman (D:4)
  4 orc priests
  Natasha (thrice) (D:4)
  4 iguanas
  2 orc wizards
  A killer bee zombie (D:6)
  A hound skeleton (D:2)
  8 adders
  10 gnolls
  A shadow imp (D:4)
  An ufetubus (D:7)
  2 worms
  2 dart slugs
  12 orcs
  3 endoplasms
  4 giant cockroaches
  8 goblins
  5 hobgoblins
  6 quokkas
  A ball python (D:2)
  7 bats
  3 frilled lizards
  6 kobolds
  3 rats
135 creatures vanquished.

Vanquished Creatures (collateral kills)
  A water moccasin (D:7)
1 creature vanquished.

Grand Total: 136 creatures vanquished

Notes
Turn   | Place    | Note
-------+----------+-------------------------------------------
     0 | D:1      | Gabide the Mummy Necromancer began the quest for the Orb.
     0 | D:1      | Reached XP level 1. HP: 13/13 MP: 4/4
   473 | D:1      | Reached XP level 2. HP: 20/20 MP: 2/5
   588 | D:1      | Found a faded altar of an unknown god.
  1015 | D:2      | Reached XP level 3. HP: 25/25 MP: 1/7
  1296 | D:2      | Reached XP level 4. HP: 25/31 MP: 5/10
  1562 | D:2      | Learned a level 3 spell: Vampiric Draining
  1567 | D:2      | Learned a level 4 spell: Dispel Undead
  1580 | D:2      | Reached skill level 1 in Fighting
  1688 | D:2      | You fall into a shaft and drop 2 floors!
  1727 | D:3      | Reached skill level 5 in Necromancy
  2799 | D:3      | Reached XP level 5. HP: 37/37 MP: 5/11
  3331 | D:4      | Reached skill level 5 in Spellcasting
  3442 | D:4      | Noticed Natasha
  3446 | D:4      | Killed Natasha
  3500 | D:4      | Noticed Natasha
  3506 | D:4      | Killed Natasha
  3511 | D:4      | Noticed Eustachio
  3513 | D:4      | Reached XP level 6. HP: 43/43 MP: 5/14
  3515 | D:4      | Noticed Natasha
  4022 | D:4      | Killed Eustachio
  4407 | D:4      | Noticed a sky beast
  4419 | D:4      | Killed a sky beast
  4420 | D:4      | Reached XP level 7. HP: 49/50 MP: 1/16
  4673 | D:4      | Killed Natasha
  4679 | D:4      | Learned a level 4 spell: Animate Dead
  4685 | D:4      | Learned a level 5 spell: Agony
  4756 | D:5      | Entered Level 5 of the Dungeon
  4846 | D:5      | Found a staircase to the Ecumenical Temple.
  4858 | Temple   | Entered the Ecumenical Temple
  5103 | Temple   | Became a worshipper of Ashenzari the Shackled
  5164 | D:5      | Noticed Akaron's ghost (novice OpCj)
  5165 | D:5      | Found a transporter.
  5170 | D:5      | Found a transporter.
  5401 | D:5      | Noticed Menkaure
  5411 | D:5      | Killed Menkaure
  5643 | D:5      | Identified the +12 morningstar "Wuibb" {vamp, rPois rCorr
                  | Str-5 Stlth+}
  5796 | D:5      | Reached XP level 8. HP: 57/57 MP: 12/19
  6079 | D:5      | Noticed Edmund
  6084 | D:5      | Killed Edmund
  7079 | D:6      | Reached skill level 1 in Staves
  7218 | D:6      | Reached XP level 9. HP: 65/65 MP: 3/22
  7824 | D:6      | Reached skill level 1 in Shields
  8693 | D:7      | Slain by an orc warrior

Illustrated notes

Levels and vault maps discovered:
D:1:      lightli_arrival_chessboard, layout_rooms, basic_ecumenical_altar
D:2:      layout_rooms
D:3:      layout_basic
D:4:      layout_loops_ring, minmay_manual_mail, uniq_eustachio, uniq_natasha,
          uniq_robin
D:5:      layout_loops_ring, minmay_temple_entry_mist, gammafunk_ghost_hive,
          minmay_checkerbox, uniq_menkaure, uniq_edmund
D:6:      minmay_razor_zed, layout_basic
D:7:      layout_rooms, nicolae_vehumet_altar_sigil, amcnicky_mini_pool_small,
          dk_noncrumbling_3, hangedman_abyss_or_decor_lesser_grid,
          grunt_ministairs_8
Temple:   mainiacjoe_temple_bowtie_tessellation

Skill      XL: |  1  2  3  4  5  6  7  8  9 |
---------------+----------------------------+-----
Spellcasting   | 3 4 5 6 7 8 9 |  9.7
Fighting       | 1 2 3 4 |  4.3
Necromancy     | 5 6 7 8 9 |  9.5
Dodging        | 2 3 |  3.9
Staves         | 1 3 |  3.5
Shields        | 1 |  1.8
Stealth        | |  1.8

Action                   |  1- 3 |  4- 6 |  7- 9 || total
-------------------------+-------+-------+-------++-------
Melee: Unarmed           |    22 |       |       ||    22
       Staff             |     6 |    41 |    36 ||    83
       Punch             |       |     1 |       ||     1
 Cast: Pain              |    55 |   118 |   162 ||   335
       Dispel Undead     |       |     1 |    17 ||    18
       Vampiric Draining |       |     4 |    26 ||    30
       Animate Dead      |       |       |     5 ||     5
       Agony             |       |       |     3 ||     3
Invok: Curse Item        |       |       |     1 ||     1
Evoke: Wand              |       |     3 |       ||     3
  Use: Scroll            |       |     5 |     4 ||     9
 Stab: Distracted        |       |       |     1 ||     1
Armor: Robe              |    10 |    36 |    27 ||    73
Dodge: Dodged            |    38 |   154 |    95 ||   287
Block: Buckler           |       |       |    31 ||    31
